 Dungeon Crawl Stone Soup version 0.26-a0-264-g3a471323bd (webtiles) character file.

Game seed: 6877987285278915224

22 BritishOli the Skirmisher (level 2, 0/24 HPs)
             Began as a Demonspawn Fighter on July 11, 2020.
             Succumbed to a kobold's poison
             ... on level 1 of the Dungeon.
             The game lasted 00:00:40 (1114 turns).

BritishOli the Skirmisher (Demonspawn Fighter)      Turns: 1114, Time: 00:00:41

Health: 0/24       AC:  6    Str: 16    XL:     2   Next: 68%
Magic:  2/2        EV:  6    Int:  9    God:
Gold:   40         SH:  8    Dex: 12    Spells: 1/1 levels left

rFire    . . .     SeeInvis .   a - +0 long sword
rCold    . . .     Faith    .   c - +0 kite shield
rNeg     . . .     Spirit   .   b - +0 scale mail
rPois    .         Reflect  .   (helmet restricted)
rElec    .         Harm     .   (no cloak)
rCorr    .                      (no gloves)
MR       .....                  (no boots)
Stlth    ..........             (no amulet)
HPRegen  0.08/turn              (no ring)
MPRegen  0.08/turn              (no ring)

@: lethally poisoned (0 -> -5)
A: antennae 1
a: no special abilities


You were on level 1 of the Dungeon.
You were hungry.

You visited 1 branch of the dungeon, and saw 1 of its levels.

You collected 40 gold pieces.

Inventory:

Hand Weapons
 a - a +0 long sword (weapon)
Armour
 b - a +0 scale mail (worn)
 c - a +0 kite shield (worn)
Jewellery
 g - an uncursed ring of ice {unknown}
Scrolls
 e - a scroll of enchant weapon {unknown}
 i - 3 scrolls of identify {unknown}
Potions
 d - a potion of might
Comestibles
 f - 2 rations


   Skills:
 + Level 3.2 Fighting
 * Level 2.2 Long Blades
 * Level 3.0 Armour
 + Level 2.9 Shields


You had one spell level left.
You didn't know any spells.
Your spell library was empty.

Dungeon Overview and Level Annotations

Branches:
Dungeon (1/15)

Altars:


Innate Abilities, Weirdness & Mutations

You have a pair of small antennae on your head.


Message History

* * * LOW HITPOINT WARNING * * *
You feel sick.
* * * LOW HITPOINT WARNING * * *
You feel sick.
* * * LOW HITPOINT WARNING * * *
You feel sick.
You open the door.
* * * LOW HITPOINT WARNING * * *
You feel sick.
Found 3 scrolls labeled COUBLOISHAD.
There is an open door here.
* * * LOW HITPOINT WARNING * * *
You feel sick.
* * * LOW HITPOINT WARNING * * *
You feel sick.
You are feeling hungry.
You see here 3 scrolls labeled COUBLOISHAD.
* * * LOW HITPOINT WARNING * * *
You feel sick.
You die...

#.# #.....# #.####.##.#
#......##.#### #..###.##....#
#..#....####.# #####
#..###..####.#############...#
......>..........(...........#
..#####'#################....#
..# #..........@# ##...#
.#####...#######.# #..(#
.....#...# #....# #...#
####.##### #....# ##'## ####.#
#?...# #####..###
...#.########....# #........##
#...........'....# #.###......
...#.########....# #..)###....
#.##.# #....# #..†..###..


There were no monsters in sight!

Vanquished Creatures
  A dart slug (D:1)
  A leopard gecko (D:1)
  A ball python (D:1)
  3 bats (D:1)
  2 giant cockroaches (D:1)
  A goblin (D:1)
  2 hobgoblins (D:1)
  4 kobolds (D:1)
  A frilled lizard (D:1)
  A rat (D:1)
17 creatures vanquished.

Notes
Turn   | Place    | Note
-------+----------+-------------------------------------------
     0 | D:1      | BritishOli the Demonspawn Fighter began the quest for the
                  | Orb.
     0 | D:1      | Reached XP level 1. HP: 18/18 MP: 1/1
   320 | D:1      | Gained mutation: You have a pair of small antennae on your
                  | head. [demonic ancestry]
   320 | D:1      | Reached XP level 2. HP: 24/24 MP: 2/2
  1111 | D:1      | HP: 1/24 [poisoned by a kobold]
  1114 | D:1      | Succumbed to a kobold's poison

Illustrated notes

Levels and vault maps discovered:
D:1:      onia_arrival_mini_spirals, layout_basic, minmay_unequal

Skill      XL: |  1  2 |
---------------+-------+-----
Long Blades    | 2 |  2.2
Armour         | 3 |  3.0
Fighting       | |  3.2
Shields        | |  2.9

Action                   || total
-------------------------++-------
Melee: Long sword        ||    60
  Use: Potion            ||     2
Armor: Scale mail        ||    33
Dodge: Dodged            ||    18
Block: Kite shield       ||    21
       Rpst.: Long sword ||     8

Table legend:
 A = Non-vault XP
 B = Vault XP
 C = Vault XP percentage of total XP
 D = Non-vault monster count
 E = Vault monster count
 F = Vault count percentage of total count
                 A         B        C        D         E       F
            +---------+---------+-------+---------+---------+-------
      Total |      26 |       6 |  18.8 |      13 |       4 |  23.5
            +---------+---------+-------+---------+---------+-------
        D:1 |      26 |       6 |  18.8 |      13 |       4 |  23.5
            +---------+---------+-------+---------+---------+-------
